AoeStats
← Comend x comend

Arabia

508751853Analyzed
4v4 RM · 8d ago on Sep 23, 2026· 38m 17s· 8 players
Game mode
Random Map
Map size
Large (8 player)
Population
200
Speed
Normal
Resources
Standard
Victory
Conquest
Starting age
Dark Age
Ending age
Imperial Age
RankedLock teamsTeams togetherTeam positionsShared explorationLock speedFull tech treeHidden civsTurbo modeCheats
Victory
Defeat
🇦🇷 Malay · Argentina
1332
+13
🇦🇷 Magyars · Argentina
1295
+14
🇦🇷 Franks · Argentina
1281
+15
🇦🇷 Saracens · Argentina
1277
+15
🇨🇴 Tupi · Colombia
1378
-18
🇵🇪 Slavs · Peru
1313
-17
🇲🇽 Franks · Mexico
1266
-15
🇨🇴 Tatars · Colombia
1064
-7
[Ne0] Vladimir Putin
6:34 Loom
9:31 Feudal Age
10:03 Double-Bit Axe
10:01 Horse Collar
18:12 Bloodlines
19:14 Scale Barding Armor
24:22 Castle Age
22:50 Gold Mining
26:00 Gold Shaft Mining
27:38 Chain Barding Armor
30:53 Husbandry
31:27 Stone Mining
33:49 Bow Saw
34:36 Wheelbarrow
34:39 Town Watch
XEVER | Masa!
6:38 Loom
9:29 Feudal Age
9:58 Double-Bit Axe
14:10 Scale Barding Armor
20:29 Castle Age
19:40 Wheelbarrow
19:55 Gold Mining
21:47 Husbandry
22:08 Chain Barding Armor
22:21 Bow Saw
22:29 Forging
25:58 Iron Casting
30:44 Fletching
31:51 Town Watch
32:56 Hand Cart
33:18 Gold Shaft Mining
39:01 Imperial Age
36:28 Stone Mining
RDA Ronan
6:29 Loom
8:52 Feudal Age
13:21 Fletching
17:08 Padded Archer Armor
18:19 Horse Collar
18:29 Double-Bit Axe
18:28 Horse Collar
18:59 Gold Mining
23:26 Castle Age
23:29 Crossbowman
24:09 Bodkin Arrow
25:04 Bow Saw
25:47 Ballistics
26:12 Horse Collar
28:12 Thumb Ring
34:04 Town Watch
34:55 Wheelbarrow
34:34 Heavy Plow
35:12 Stone Mining
36:33 Gold Shaft Mining
41:08 Imperial Age
RDA | Damiii el TORO
7:32 Loom
9:17 Feudal Age
10:03 Double-Bit Axe
15:36 Fletching
21:52 Castle Age
20:39 Padded Archer Armor
20:52 Crossbowman
21:43 Bodkin Arrow
22:12 Horse Collar
25:18 Bow Saw
26:28 Town Watch
28:55 Wheelbarrow
29:02 Ballistics
30:41 Thumb Ring
31:32 Hand Cart
36:38 Imperial Age
36:16 Bracer
37:25 Leather Archer Armor
36:32 Arbalester
39:07 Chemistry
38:10 Heavy Plow
38:35 Town Patrol
Comend x comend
9:20 Loom
11:42 Feudal Age
17:08 Castle Age
15:41 Double-Bit Axe
15:49 Horse Collar
21:51 Wheelbarrow
23:28 Stone Mining
27:32 Hand Cart
27:28 Town Watch
Bad Panda
5:05 Loom
9:06 Feudal Age
10:13 Double-Bit Axe
17:01 Forging
16:57 Scale Barding Armor
24:28 Castle Age
25:30 Husbandry
25:22 Light Cavalry
27:59 Iron Casting
32:05 Chain Barding Armor
Viva Cristo
1:31 Loom
5:59 Loom
8:51 Feudal Age
10:54 Double-Bit Axe
13:02 Fletching
17:19 Padded Archer Armor
18:31 Gold Mining
25:06 Castle Age
23:59 Horse Collar
25:07 Crossbowman
25:49 Bodkin Arrow
26:58 Ballistics
36:42 Bow Saw
019_
3:36 Loom
11:11 Feudal Age
13:11 Double-Bit Axe
18:43 Castle Age
20:27 Wheelbarrow
20:33 Bow Saw
27:53 Fletching
28:04 Padded Archer Armor
29:28 Hand Cart
32:01 Leather Archer Armor
32:43 Bodkin Arrow
32:59 Silk Armor
34:04 Scale Mail Armor
34:27 Pikeman
Connection lost

Rejoining the realm…

Still unreachable

The connection could not be restored.

Session expired

The server has moved on; the page needs a fresh start.